[Event "January 2 Early 2024"]
[Site "https://www.chess.com"]
[Date "2024.01.02"]
[Round "5"]
[White "Maltsevskaya, Aleksandra"]
[Black "Ovezdurdyyeva, Jemal"]
[Result "0-1"]
[Board "108"]
[TimeControl "180+1"]
[WhiteFideId "24174041"]
[BlackFideId "14001888"]
[WhiteElo "2601"]
[BlackElo "2410"]
[WhiteTeam "POL"]
[BlackTeam "TKM"]
[WhiteClock "0:00:00"]
[BlackClock "0:00:06"]

1. Nf3 Nf6 2. g3 g6 3. Bg2 Bg7 4. O-O O-O 5. d3 d5 6. Nbd2 c5 7. e4 Nc6 8. exd5 Nxd5 9. Nc4 Bg4 10. h3 Be6 11. Ng5 Bc8 12. a4 h6 13. Ne4 b6 14. c3 Be6 15. a5 b5 16. Ne3 c4 17. Nc5 Nxe3 18. Nxe6 fxe6 19. Bxe3 Rc8 20. Qg4 Rf6 21. dxc4 Ne5 22. Qe2 Nxc4 23. Bxa7 Qc7 24. Be3 Nxa5 25. Bd4 Rf7 26. Bxg7 Kxg7 27. Qxb5 Nc4 28. b4 Nd6 29. Qe2 Qxc3 30. b5 Rb8 31. Rab1 Rb6 32. Qxe6 Qc7 33. Bd5 Rf8 34. Qe5+ Kh7 35. Rfe1 Rxb5 36. Qxe7+ Qxe7 37. Rxe7+ Kh8 38. Rxb5 Nxb5 39. Be4 Rf6 40. Kg2 Nd6 41. Bc2 Nf5 42. Bxf5 Rxf5 43. f4 Rf6 44. Kf3 Kg8 45. h4 Kf8 46. Rb7 Rb6 47. Kg4 Rxb7 0-1

[Event "January 2 Early 2024"]
[Site "https://www.chess.com"]
[Date "2024.01.02"]
[Round "5"]
[White "Astafurov, Arseniy"]
[Black "Veljanoski, Andrej"]
[Result "0-1"]
[Board "109"]
[TimeControl "180+1"]
[WhiteFideId "24175218"]
[BlackFideId "15003604"]
[WhiteElo "2406"]
[BlackElo "2587"]
[WhiteTeam "RUS"]
[BlackTeam "MKD"]
[WhiteClock "0:00:00"]
[BlackClock "0:00:15"]

1. c4 e5 2. Nc3 Nc6 3. Nf3 f5 4. d4 e4 5. Ng5 Nf6 6. Nh3 Be7 7. Bg5 O-O 8. e3 d6 9. Be2 Qe8 10. O-O h6 11. Bxf6 Bxf6 12. Nf4 Bd8 13. Bh5 Qd7 14. f3 exf3 15. Qxf3 Bg5 16. Nfd5 Ne7 17. e4 Nxd5 18. cxd5 Qe7 19. Rae1 fxe4 20. Qxf8+ Qxf8 21. Rxf8+ Kxf8 22. Nxe4 Bd7 23. Nxg5 hxg5 24. Kf2 Bf5 25. Kg3 g6 26. Bg4 Kf7 27. h3 a5 28. Rc1 Rc8 29. Rc3 Ke7 30. Re3+ Kf6 31. Rc3 c5 32. dxc6 bxc6 33. Rb3 Bxg4 34. Kxg4 c5 35. dxc5 Rxc5 36. Rb6 Rc4+ 37. Kg3 Ke5 38. Ra6 a4 39. Kf3 Rb4 40. a3 Rb3+ 41. Kg4 Rxb2 42. g3 d5 43. Rxa4 d4 44. Ra8 Rb6 45. Re8+ Kd5 46. Kxg5 Rd6 47. Re1 d3 48. Ra1 Kc4 49. g4 d2 50. h4 d1=Q 51. Rxd1 Rxd1 52. Kxg6 Rd6+ 53. Kf5 Kd5 54. g5 Rd8 55. h5 Rf8+ 56. Kg6 Ke6 57. h6 Rg8+ 58. Kh5 Kf7 59. a4 Ra8 60. g6+ Kg8 0-1

[Event "January 2 Early 2024"]
[Site "https://www.chess.com"]
[Date "2024.01.02"]
[Round "5"]
[White "Aswath, S"]
[Black "Mohammed, Zozek Salah Mohammed"]
[Result "1-0"]
[Board "110"]
[TimeControl "180+1"]
[WhiteFideId "46694919"]
[BlackFideId "4803361"]
[WhiteElo "2584"]
[BlackElo "2406"]
[WhiteTeam "IND"]
[BlackTeam "IRQ"]
[WhiteClock "0:02:26"]
[BlackClock "0:01:52"]

1. c4 e5 2. g3 Nf6 3. Bg2 Bc5 4. Nc3 O-O 5. Nf3 Nc6 6. d3 d5 7. cxd5 Nxd5 8. O-O Nxc3 9. bxc3 Be6 10. Ng5 Bd5 11. e4 Be6 12. Qh5 h6 13. Nxe6 fxe6 14. d4 exd4 15. Qxc5 1-0

[Event "January 2 Early 2024"]
[Site "https://www.chess.com"]
[Date "2024.01.02"]
[Round "5"]
[White "Grave, Jacob Templen"]
[Black "Aggelis, Nikolaos"]
[Result "0-1"]
[Board "111"]
[TimeControl "180+1"]
[WhiteFideId "1542656"]
[BlackFideId "4213220"]
[WhiteElo "2405"]
[BlackElo "2578"]
[WhiteTeam "NOR"]
[BlackTeam "GRE"]
[WhiteClock "0:00:02"]
[BlackClock "0:00:55"]

1. d4 f5 2. Nc3 Nf6 3. Bg5 d5 4. Bxf6 exf6 5. e3 c6 6. Bd3 Be6 7. Qf3 g6 8. Nge2 Bd6 9. h4 Nd7 10. h5 Kf7 11. hxg6+ hxg6 12. O-O-O Qc7 13. g3 Kg7 14. Nf4 Bxf4 15. gxf4 Rxh1 16. Rxh1 Rh8 17. Rg1 Rh6 18. Ne2 Nf8 19. Ng3 Kf7 20. Qg2 Ke8 21. Kb1 Qh7 22. a3 Rh2 23. Qf3 Nd7 24. Nf1 Rh3 25. Qg2 Rh6 26. Nd2 Nb6 27. b3 Nc8 28. Kb2 Nd6 29. c4 Ne4 30. Bxe4 fxe4 31. Qg3 Bf5 32. cxd5 cxd5 33. Rc1 Rh1 34. Rc5 Rd1 35. Rc2 Qh1 36. b4 Rg1 37. Qg2 0-1

[Event "January 2 Early 2024"]
[Site "https://www.chess.com"]
[Date "2024.01.02"]
[Round "5"]
[White "Kraus, Tomas"]
[Black "Lund, Gunnar"]
[Result "1-0"]
[Board "112"]
[TimeControl "180+1"]
[WhiteFideId "331708"]
[BlackFideId "1520814"]
[WhiteElo "2387"]
[BlackElo "2574"]
[WhiteTeam "CZE"]
[BlackTeam "NOR"]
[WhiteClock "0:00:52"]
[BlackClock "0:00:54"]

1. e4 e6 2. d4 d5 3. Nd2 Nf6 4. e5 Nfd7 5. f4 c5 6. Ndf3 Nc6 7. c3 Be7 8. Bd3 f5 9. exf6 Nxf6 10. Be3 cxd4 11. Bxd4 O-O 12. Ne2 Ne4 13. Bxe4 dxe4 14. Ne5 Nxd4 15. Qxd4 Qc7 16. Qxe4 Bd7 17. O-O-O Bb5 18. Nd4 Bc4 19. Nxc4 Qxc4 20. Qxe6+ Qxe6 21. Nxe6 Rf6 22. Rhe1 Re8 23. Nc7 1-0

[Event "January 2 Early 2024"]
[Site "https://www.chess.com"]
[Date "2024.01.02"]
[Round "5"]
[White "Andersson, Bjorn 1960"]
[Black "AmanteDeMoi"]
[Result "0-1"]
[Board "113"]
[TimeControl "180+1"]
[WhiteFideId "1700545"]
[WhiteElo "2385"]
[BlackElo "2566"]
[WhiteTeam "SWE"]
[WhiteClock "0:00:00"]
[BlackClock "0:01:03"]

1. e4 g6 2. d4 Bg7 3. Nc3 c6 4. Nf3 d5 5. Be3 dxe4 6. Nxe4 Nd7 7. Bc4 Ngf6 8. Neg5 O-O 9. Nxf7 Rxf7 10. Ng5 Nd5 11. Nxf7 Kxf7 12. Qf3+ Nf6 13. h4 Bg4 14. Qg3 Qd6 15. Qxd6 exd6 16. f3 Be6 17. Bd2 Re8 18. Kf2 Nh5 19. c3 Ndf4 20. Bf1 Nd5 21. Bc4 Nb6 22. Bxe6+ Rxe6 23. Rae1 Nf6 24. g4 Nc4 25. Bc1 Nd5 26. Rxe6 Kxe6 27. h5 Kf7 28. hxg6+ hxg6 29. Rh7 Nf6 30. Rh1 Kg8 31. Re1 Kf7 32. b3 Nb6 33. Bd2 Nc8 34. Kg3 Ne7 35. Rh1 b6 36. a4 a6 37. Re1 Nfd5 38. Re2 Ng8 39. Re1 Ngf6 40. Re2 Ne8 41. Re1 Nec7 42. Re2 Ne6 43. Re1 b5 44. axb5 axb5 45. Ra1 b4 46. Ra7+ Ne7 47. c4 Bxd4 48. Rb7 c5 49. f4 Nd8 50. Rd7 Nc6 51. Rxd6 Bc3 52. Bxc3 bxc3 53. Rd3 Nd4 0-1

[Event "January 2 Early 2024"]
[Site "https://www.chess.com"]
[Date "2024.01.02"]
[Round "5"]
[White "Legenia, Artem"]
[Black "Korchynskyi, Mykola"]
[Result "0-1"]
[Board "114"]
[TimeControl "180+1"]
[WhiteFideId "14136945"]
[BlackFideId "34138005"]
[WhiteElo "2372"]
[BlackElo "2561"]
[WhiteTeam "UKR"]
[BlackTeam "UKR"]
[WhiteClock "0:00:17"]
[BlackClock "0:00:10"]

1. d4 d5 2. c4 e6 3. Nf3 Nf6 4. Nc3 Be7 5. Bg5 O-O 6. Bxf6 Bxf6 7. e3 b6 8. Bd3 dxc4 9. Bxc4 Bb7 10. O-O Nd7 11. e4 c5 12. d5 Bxc3 13. bxc3 exd5 14. Bxd5 Bxd5 15. Qxd5 Nf6 16. Qc4 Qe7 17. e5 Nd7 18. Rfe1 Rae8 19. h3 Nb8 20. Rad1 h6 21. a4 Qe6 22. Qb5 Re7 23. a5 bxa5 24. Qxc5 a4 25. Nd4 Qd7 26. Nf5 Qxf5 27. Qxe7 Nc6 28. Qc5 Rc8 29. Ra1 Qc2 30. Qc4 Ne7 31. Qxa4 Qf5 32. Qxa7 Nd5 33. Qb7 Nxc3 34. Ra8 Rxa8 35. Qxa8+ Kh7 36. Qc6 Qc2 37. Kh1 Qd2 38. Ra1 Nd1 39. Qe4+ g6 40. Qf3 Qe1+ 41. Kh2 Qxe5+ 42. g3 Qxa1 43. Qxf7+ Qg7 44. Qf3 Nb2 45. h4 h5 46. Qb3 Qf6 47. Kg2 Qc6+ 48. Kh2 Nc4 49. Qc3 Qc5 50. Qf6 Ne5 51. Kh3 Qc8+ 52. Kg2 Qc6+ 53. Qxc6 Nxc6 54. Kf3 Kg7 55. Ke4 Kf6 56. f4 Ne7 57. Kf3 Nf5 58. g4 hxg4+ 59. Kxg4 Nh6+ 60. Kg3 Kf5 61. Kf3 Ng4 62. Kg3 Nf6 63. Kf3 Nh5 64. Ke3 Nxf4 65. Kf3 Nh5 0-1

[Event "January 2 Early 2024"]
[Site "https://www.chess.com"]
[Date "2024.01.02"]
[Round "5"]
[White "Lima, Artur Tin Lun Dai"]
[Black "Ginzburg, Yakov"]
[Result "0-1"]
[Board "115"]
[TimeControl "180+1"]
[WhiteFideId "22773150"]
[BlackFideId "4157176"]
[WhiteElo "2364"]
[BlackElo "2557"]
[WhiteTeam "BRA"]
[BlackTeam "RUS"]
[WhiteClock "0:01:49"]
[BlackClock "0:01:42"]

1. e4 c5 2. Nf3 e6 3. d4 cxd4 4. Nxd4 Nf6 5. Nc3 Nc6 6. a3 Qb6 7. Be3 Bc5 8. Ndb5 Bxe3 9. Nd6+ Ke7 10. fxe3 Qxe3+ 11. Be2 Qc5 12. Nxc8+ Raxc8 13. Rf1 Rhd8 14. Bd3 d5 15. Qf3 Ne5 16. Qg3 Nxd3+ 17. cxd3 dxe4 18. Nxe4 Nxe4 19. Qxg7 Qe3+ 0-1

[Event "January 2 Early 2024"]
[Site "https://www.chess.com"]
[Date "2024.01.02"]
[Round "5"]
[White "Manukyan, Sargis V."]
[Black "Pavlidou, Ekaterini"]
[Result "1-0"]
[Board "116"]
[TimeControl "180+1"]
[WhiteFideId "13303465"]
[BlackFideId "4213262"]
[WhiteElo "2556"]
[BlackElo "2355"]
[WhiteTeam "ARM"]
[BlackTeam "GRE"]
[WhiteClock "0:00:14"]
[BlackClock "0:00:36"]

1. d4 Nf6 2. c4 e6 3. Nc3 Bb4 4. e3 c6 5. Nf3 d5 6. Bd3 O-O 7. Bd2 Bd6 8. O-O Nbd7 9. e4 dxe4 10. Nxe4 Nxe4 11. Bxe4 Nf6 12. Bc2 h6 13. Bc3 c5 14. Re1 b6 15. Qd3 Be7 16. d5 g6 17. d6 Bxd6 18. Bxf6 Bxh2+ 19. Nxh2 Qxf6 20. b3 Bb7 21. Ng4 Qg5 22. Qg3 h5 23. Ne5 Qxg3 24. fxg3 Rad8 25. Rad1 Rd4 26. Nf3 Rdd8 27. Kf2 Kg7 28. Rxd8 Rxd8 29. Rd1 Rxd1 30. Bxd1 f6 31. Nd2 e5 32. Bf3 Bc8 33. Bd5 Bf5 34. Ne4 a5 35. Nd6 Bb1 36. a3 f5 37. Nc8 Ba2 38. Nxb6 Bxb3 39. Nd7 e4 40. Nxc5 Ba2 41. Nb7 Kf6 42. Nxa5 g5 43. Ke3 Ke5 44. Nc6+ Kd6 45. Nd4 Ke5 46. Ne6 h4 47. Nxg5 hxg3 48. Nh3 Bb3 49. Nf4 Ba4 50. Bf7 Bc6 51. Bg6 Bb7 52. Bf7 Bc6 53. Nh5 Bb7 54. a4 Ba6 55. a5 Kd6 56. Bd5 Ke5 57. Bg8 Bb7 58. Nf4 Ba6 59. Bd5 Kf6 60. Nh5+ Ke5 61. Nf4 Kf6 62. Bc6 Ke5 63. Bb5 Bb7 64. a6 Ba8 65. c5 Kf6 66. a7 Ke7 67. c6 Kd8 68. Nd5 Kc8 69. Ba6+ Kd8 70. c7+ Kd7 71. c8=Q+ 1-0

[Event "January 2 Early 2024"]
[Site "https://www.chess.com"]
[Date "2024.01.02"]
[Round "5"]
[White "Sharapov, Evgeny"]
[Black "Jeran, Bostjan"]
[Result "1-0"]
[Board "117"]
[TimeControl "180+1"]
[WhiteFideId "14103133"]
[BlackFideId "14604612"]
[WhiteElo "2553"]
[BlackElo "2351"]
[WhiteTeam "UKR"]
[BlackTeam "SLO"]
[WhiteClock "0:01:38"]
[BlackClock "0:00:00"]

1. e4 d6 2. d4 g6 3. Nc3 Bg7 4. f4 a6 5. Nf3 b5 6. Be3 Bb7 7. Bd3 Qc8 8. O-O c5 9. dxc5 dxc5 10. e5 Nh6 11. Kh1 O-O 12. Be4 Nf5 13. Bg1 Rd8 14. Qe2 Nd4 15. Nxd4 cxd4 16. Bxb7 Qxb7 17. Ne4 Nc6 18. Rad1 Rd5 19. Qf3 Rad8 20. Nc3 R5d7 21. Ne2 Qc7 22. Rd2 f6 23. e6 Rd6 24. Rfd1 f5 25. c3 dxc3 26. Rxd6 Rxd6 27. Nxc3 Bxc3 28. bxc3 Rxd1 29. Qxd1 Qxf4 30. Qd7 Qd6 31. Qe8+ Kg7 32. Qf7+ Kh6 33. Be3+ g5 34. Qf8+ Kh5 35. Qxf5 Qd1+ 36. Bg1 h6 37. h3 1-0

[Event "January 2 Early 2024"]
[Site "https://www.chess.com"]
[Date "2024.01.02"]
[Round "5"]
[White "Preobrazhenskaya, Diana"]
[Black "Rogov, Matfey"]
[Result "1-0"]
[Board "118"]
[TimeControl "180+1"]
[WhiteFideId "34270566"]
[BlackFideId "44191308"]
[WhiteElo "2349"]
[BlackElo "2550"]
[WhiteTeam "FID"]
[BlackTeam "RUS"]
[WhiteClock "0:00:09"]
[BlackClock "0:00:03"]

1. e4 e5 2. Nf3 Nf6 3. Nxe5 Nc6 4. Nxc6 dxc6 5. d3 Bc5 6. Be2 h5 7. h3 Qd4 8. Be3 Qxb2 9. Bxc5 Qxa1 10. O-O Be6 11. Qd2 Qe5 12. Be3 O-O-O 13. f4 Qb2 14. Nc3 Bxa2 15. Nxa2 Qxa2 16. Qc3 a6 17. f5 Rhe8 18. Ra1 Nd5 19. exd5 Qxd5 20. Bf3 Qxf5 21. Bd4 g5 22. Be4 Qf4 23. Bf6 Rd6 24. Rf1 Qe3+ 25. Kh2 g4 26. Re1 g3+ 27. Kh1 Rxe4 28. Rxe3 Rxe3 29. Bg5 Re2 30. Bf4 h4 31. Bxd6 cxd6 32. Kg1 Rf2 33. Qd4 Rxc2 34. Qg4+ Kc7 35. Kf1 Rc1+ 36. Ke2 Rc2+ 37. Kf3 Rf2+ 38. Ke3 Rxg2 39. Qxh4 Rg1 40. Qf4 g2 41. Qxf7+ Kb8 42. Qf2 Rb1 43. Qxg2 a5 44. h4 a4 45. Qa2 Re1+ 46. Kf2 Rh1 47. Qxa4 Rh2+ 48. Kg3 Rh1 49. Qe4 Rg1+ 50. Kh2 Rd1 51. h5 d5 52. Qf4+ Ka7 53. Qf3 Rd2+ 54. Kh3 c5 55. Qe3 Rc2 56. h6 d4 57. Qe5 c4 58. Qxd4+ Ka6 59. dxc4 b5 60. cxb5+ Kxb5 61. Qd3+ Kb4 62. Qxc2 1-0

[Event "January 2 Early 2024"]
[Site "https://www.chess.com"]
[Date "2024.01.02"]
[Round "5"]
[White "Tuleyeva-Aketayeva, Dana"]
[Black "Womacka, Mathias"]
[Result "0-1"]
[Board "119"]
[TimeControl "180+1"]
[WhiteFideId "13701932"]
[BlackFideId "4611390"]
[WhiteElo "2335"]
[BlackElo "2549"]
[WhiteTeam "KAZ"]
[BlackTeam "GER"]
[WhiteClock "0:00:00"]
[BlackClock "0:00:53"]

1. d4 Nf6 2. Nf3 e6 3. g3 c5 4. Bg2 cxd4 5. O-O Nc6 6. Nxd4 Qb6 7. Nb3 d5 8. Be3 Qc7 9. Nc3 Be7 10. Bf4 Qb6 11. Be3 Qd8 12. Bd4 O-O 13. e4 e5 14. Bc5 d4 15. Bxe7 Nxe7 16. Nb1 Bg4 17. Qc1 Rc8 18. h3 Be6 19. Rd1 Qb6 20. Qd2 Rc7 21. Qg5 Ng6 22. Na3 a5 23. Qd2 a4 24. Nc1 Qxb2 25. Qa5 b6 26. Nd3 Qxa1 27. Rxa1 bxa5 28. Nb2 Rc3 0-1

[Event "January 2 Early 2024"]
[Site "https://www.chess.com"]
[Date "2024.01.02"]
[Round "5"]
[White "Poddubnyi, Viktor"]
[Black "Ismayil, Malak"]
[Result "0-1"]
[Board "120"]
[TimeControl "180+1"]
[WhiteFideId "4141989"]
[BlackFideId "13412604"]
[WhiteElo "2335"]
[BlackElo "2548"]
[WhiteTeam "RUS"]
[BlackTeam "AZE"]
[WhiteClock "0:00:00"]
[BlackClock "0:00:03"]

1. e4 e5 2. f4 d5 3. exd5 exf4 4. Nf3 Nf6 5. c4 c6 6. d4 cxd5 7. Bxf4 Bb4+ 8. Nc3 Bxc3+ 9. bxc3 O-O 10. Be2 Re8 11. O-O dxc4 12. Bxc4 Be6 13. Bxe6 Rxe6 14. Rb1 b6 15. Ng5 Rc6 16. Qf3 Qc8 17. Bd2 Nbd7 18. Rbe1 h6 19. Ne4 Qf8 20. Ng3 Rac8 21. Nf5 Re6 22. Rxe6 fxe6 23. Ng3 Qd6 24. Nh5 Rf8 25. Nxf6+ Nxf6 26. Qe2 Re8 27. Re1 Nd7 28. Be3 e5 29. Qd3 exd4 30. cxd4 Nf6 31. Rf1 Ng4 32. Bf4 Qd5 33. h3 Nf6 34. Bxh6 Ne4 35. Be3 Nd6 36. Bf2 Qxa2 37. Re1 Rxe1+ 38. Bxe1 Qd5 39. Bg3 Ne4 40. Be5 a5 41. Qf3 Nf6 42. Qg3 Qe6 43. Qd3 Nd5 44. Qb5 Qf7 45. Kh2 Qe6 46. Kg1 Kh7 47. Kh2 Qf7 48. Kg1 Qe6 49. Kh2 Kg6 50. Qc5 bxc5 0-1

[Event "January 2 Early 2024"]
[Site "https://www.chess.com"]
[Date "2024.01.02"]
[Round "5"]
[White "Jeet, Jain"]
[Black "Jahnz, Fabian"]
[Result "1-0"]
[Board "121"]
[TimeControl "180+1"]
[WhiteFideId "5073022"]
[BlackFideId "4653300"]
[WhiteElo "2547"]
[BlackElo "2298"]
[WhiteTeam "IND"]
[BlackTeam "GER"]
[WhiteClock "0:00:47"]
[BlackClock "0:00:02"]

1. c4 c6 2. d4 d5 3. Nf3 e6 4. g3 f5 5. Bg2 Nf6 6. O-O Bd6 7. Nc3 O-O 8. b3 Nbd7 9. Bb2 Ne4 10. e3 Ndf6 11. Ne1 b6 12. Nd3 Bb7 13. f3 Nxc3 14. Bxc3 Rc8 15. Rc1 Qe7 16. Ne5 Nd7 17. Nxd7 Qxd7 18. e4 Qe7 19. Re1 fxe4 20. fxe4 dxc4 21. bxc4 e5 22. d5 Bc5+ 23. Kh1 Rf2 24. Rf1 Rcf8 25. Qh5 Bd4 26. Bxd4 exd4 27. Rxf2 Rxf2 28. Qg4 d3 29. Rd1 d2 30. h4 cxd5 31. cxd5 h5 32. Qg5 Qxg5 33. hxg5 Ba6 34. Kg1 Re2 35. Bf3 Re1+ 36. Kf2 Rxd1 37. Bxd1 Bd3 38. Ke3 Bb1 39. a3 Kf7 40. e5 Ba2 41. d6 g6 42. Kxd2 Ke6 43. Ke3 Bd5 44. Kd4 Bc6 45. Bb3+ Kd7 46. Bc2 Bf3 47. Bxg6 1-0

[Event "January 2 Early 2024"]
[Site "https://www.chess.com"]
[Date "2024.01.02"]
[Round "5"]
[White "Kambrath, Yannick"]
[Black "Rodriguez Avila, Alvaro"]
[Result "1-0"]
[Board "122"]
[TimeControl "180+1"]
[WhiteFideId "20632525"]
[BlackFideId "24570249"]
[WhiteElo "2538"]
[BlackElo "2275"]
[WhiteTeam "FRA"]
[BlackTeam "ESP"]
[WhiteClock "0:00:05"]
[BlackClock "0:00:05"]

1. e4 c5 2. Nf3 g6 3. c3 Bg7 4. d4 cxd4 5. cxd4 d5 6. e5 Bg4 7. h3 Bxf3 8. Qxf3 Nc6 9. Bb5 e6 10. O-O Ne7 11. Nc3 O-O 12. Bxc6 Nxc6 13. Be3 f6 14. Qg4 Qd7 15. exf6 Bxf6 16. Rad1 Ne7 17. Rfe1 Nf5 18. Bg5 Bxd4 19. Rxd4 Nxd4 20. Qxd4 Rac8 21. Bh6 Rf7 22. Qe5 Rc6 23. h4 Qd6 24. Qe2 Rf5 25. Nb5 Qc5 26. Be3 Qc2 27. Nd4 Qxb2 28. Nxc6 Qxe2 29. Ne7+ Kf7 30. Rxe2 Kxe7 31. Bxa7 Kd7 32. Bd4 Rf4 33. Be5 Rxh4 34. f4 h6 35. g3 Rg4 36. Kg2 h5 37. Kf3 g5 38. Rc2 gxf4 39. Bxf4 Rg8 40. Rc7+ Kd8 41. Rxb7 Rf8 42. Ke3 Kc8 43. Rb8+ 1-0

[Event "January 2 Early 2024"]
[Site "https://www.chess.com"]
[Date "2024.01.02"]
[Round "5"]
[White "Player, Edmund C"]
[Black "Rangel, Daniel"]
[Result "0-1"]
[Board "123"]
[TimeControl "180+1"]
[WhiteFideId "406520"]
[BlackFideId "2124475"]
[WhiteElo "2281"]
[BlackElo "2535"]
[WhiteTeam "ENG"]
[BlackTeam "BRA"]
[WhiteClock "0:00:00"]
[BlackClock "0:01:11"]

1. e4 c5 2. Nf3 g6 3. Bc4 Bg7 4. d3 e6 5. Nc3 Ne7 6. a4 O-O 7. e5 Nbc6 8. Bf4 Nf5 9. Ne4 b6 10. O-O Bb7 11. Re1 d5 12. exd6 Bxb2 13. Rb1 Bg7 14. Bg5 Qd7 15. Bf6 Ncd4 16. Nxd4 Nxd4 17. Bxg7 Kxg7 18. Qd2 Bxe4 19. dxe4 Qxd6 20. c3 Nf5 21. Qg5 Qe7 22. Qf4 Nd6 23. Bd3 e5 24. Qg3 Rad8 25. f4 f6 26. f5 g5 27. h4 h6 28. h5 c4 29. Bc2 Nb7 30. Red1 Nc5 31. a5 Rxd1+ 32. Rxd1 Rd8 33. Rxd8 Qxd8 34. Qe1 bxa5 35. Qa1 Nd3 0-1

[Event "January 2 Early 2024"]
[Site "https://www.chess.com"]
[Date "2024.01.02"]
[Round "5"]
[White "Baches Garcia, Guillermo"]
[Black "Fernandez Hernandez, Gerardo"]
[Result "1/2-1/2"]
[Board "124"]
[TimeControl "180+1"]
[WhiteFideId "2209764"]
[BlackFideId "2207400"]
[WhiteElo "2535"]
[BlackElo "2265"]
[WhiteTeam "ESP"]
[BlackTeam "ESP"]
[WhiteClock "0:01:26"]
[BlackClock "0:01:12"]

1. d4 Nf6 2. Nf3 g6 3. Bg5 Bg7 4. Nbd2 d5 5. e3 Nbd7 6. Be2 b6 7. O-O Bb7 8. c3 O-O 9. h3 Qe8 10. Bf4 Rc8 11. Bh2 e6 12. b4 Qe7 13. Qa4 a6 14. Rfc1 b5 15. Qa5 Nb6 16. Ne5 Nfd7 17. Nxd7 Qxd7 18. Nf3 Nc4 19. Bxc4 dxc4 20. a4 Bxf3 21. gxf3 Qd5 22. Kg2 Qg5+ 23. Kf1 Qf5 24. Kg2 Qg5+ 25. Kf1 Qf5 26. Kg2 Qg5+ 1/2-1/2

[Event "January 2 Early 2024"]
[Site "https://www.chess.com"]
[Date "2024.01.02"]
[Round "5"]
[White "Shapiro, Viktor"]
[Black "Daurimbetov, Azamat"]
[Result "1-0"]
[Board "125"]
[TimeControl "180+1"]
[WhiteFideId "4175700"]
[BlackFideId "14201950"]
[WhiteElo "2523"]
[BlackElo "2247"]
[WhiteTeam "RUS"]
[BlackTeam "UZB"]
[WhiteClock "0:01:48"]
[BlackClock "0:00:56"]

1. c4 Nf6 2. Nc3 d5 3. cxd5 Nxd5 4. Qb3 Nb6 5. Nf3 Nc6 6. d4 g6 7. Bf4 Bg7 8. Rd1 O-O 9. d5 Na5 10. Qb4 Nac4 11. e4 a5 12. Qb3 Bg4 13. Bxc4 a4 14. Qb4 a3 15. b3 Qc8 16. Be2 e6 17. O-O Re8 18. h3 Bxf3 19. Bxf3 exd5 20. Nxd5 Nxd5 21. Rxd5 1-0

[Event "January 2 Early 2024"]
[Site "https://www.chess.com"]
[Date "2024.01.02"]
[Round "5"]
[White "Rietze, Clemens, Dr."]
[Black "RaneshRatnesan"]
[Result "1-0"]
[Board "126"]
[TimeControl "180+1"]
[WhiteFideId "24620351"]
[WhiteElo "2520"]
[BlackElo "2237"]
[WhiteTeam "GER"]
[WhiteClock "0:00:03"]
[BlackClock "0:00:09"]

1. d4 d5 2. c4 e6 3. Nf3 Nf6 4. g3 dxc4 5. Bg2 Nc6 6. O-O a6 7. e3 Bd6 8. Qe2 O-O 9. Qxc4 e5 10. d5 Ne7 11. Nc3 c6 12. dxc6 Nxc6 13. Rd1 Qe7 14. e4 h6 15. Nd5 Nxd5 16. exd5 Nb8 17. Re1 b5 18. Qb3 Qf6 19. Bd2 Bb7 20. a4 b4 21. Bxb4 Bxb4 22. Qxb4 Bxd5 23. Nxe5 Bxg2 24. Kxg2 Nc6 25. Nxc6 Qxc6+ 26. Qe4 Qf6 27. b4 Rfb8 28. Rab1 Ra7 29. Rec1 Re7 30. Qf3 Rb6 31. b5 axb5 32. Qa8+ Kh7 33. axb5 Qe5 34. Qf3 g6 35. Qd3 Reb7 36. Re1 Qf6 37. Qc4 Re7 38. Rxe7 Qxe7 39. Qb4 Qe5 40. Qc4 Qf5 41. Rb2 h5 42. h4 Kg7 43. Rb3 Kh7 44. Rb2 Qf6 45. Rb3 Qf5 46. Rf3 Qxb5 47. Qxf7+ Kh6 48. Qf8+ Kh7 49. Rf7# 1-0

[Event "January 2 Early 2024"]
[Site "https://www.chess.com"]
[Date "2024.01.02"]
[Round "5"]
[White "Goncalves, Davi Sulzbacher"]
[Black "Lye, Sverre"]
[Result "1-0"]
[Board "127"]
[TimeControl "180+1"]
[WhiteFideId "2154510"]
[BlackFideId "1539353"]
[WhiteElo "2517"]
[BlackElo "2227"]
[WhiteTeam "BRA"]
[BlackTeam "NOR"]
[WhiteClock "0:01:28"]
[BlackClock "0:01:01"]

1. e4 c5 2. c3 d5 3. exd5 Nf6 4. Bb5+ Nbd7 5. c4 a6 6. Bxd7+ Bxd7 7. Nf3 e6 8. Nc3 exd5 9. cxd5 Bd6 10. O-O O-O 11. d4 Bg4 12. dxc5 Bxc5 13. Bg5 Be7 14. Re1 Re8 15. Qd3 Nxd5 16. Qxd5 Qxd5 17. Nxd5 Bxf3 18. Nxe7+ 1-0

[Event "January 2 Early 2024"]
[Site "https://www.chess.com"]
[Date "2024.01.02"]
[Round "5"]
[White "xakevicius91"]
[Black "Kohler, Aran"]
[Result "1-0"]
[Board "128"]
[TimeControl "180+1"]
[BlackFideId "1002856"]
[WhiteElo "2517"]
[BlackElo "2225"]
[BlackTeam "NED"]
[WhiteClock "0:00:06"]
[BlackClock "0:00:00"]

1. e4 c6 2. d4 d5 3. e5 c5 4. Nf3 Bg4 5. dxc5 e6 6. Be3 Nc6 7. c3 Bxf3 8. Qxf3 Nxe5 9. Bb5+ Nc6 10. c4 Ne7 11. Nc3 a6 12. Ba4 dxc4 13. Rd1 Qa5 14. O-O Rc8 15. Qe2 Ng6 16. Qxc4 Be7 17. b4 Qc7 18. Bc2 O-O 19. Qe2 Nxb4 20. Bxg6 hxg6 21. Ne4 Qc6 22. Bf4 Nd5 23. Bd6 Bxd6 24. cxd6 Rfd8 25. Qf3 Nf6 26. Nxf6+ gxf6 27. Qxf6 Rxd6 28. Rde1 Qc3 29. Qe7 Rb6 30. h4 Qc7 31. Qf6 e5 32. Qg5 Re6 33. h5 Qe7 34. Qg4 f5 35. Qg3 Kg7 36. hxg6 Rxg6 37. Qxe5+ Qxe5 38. Rxe5 f4 39. Re7+ Kf6 40. Rxb7 f3 41. Rb6+ Kf5 42. Rxg6 Kxg6 43. gxf3 Rc2 44. Ra1 Kf5 45. a4 Kf4 46. a5 Kxf3 47. Ra3+ Ke4 48. Kg2 Rc5 49. Ra4+ Kd5 50. Kg3 Kc6 51. f4 Kb5 52. Ra1 Kb4 53. Kg4 Rc4 54. Kg5 Rc5+ 55. f5 Kb3 56. Kg6 Kb2 57. Ra4 Kb3 58. Rf4 Rxa5 59. f6 Rb5 60. Rf1 Rc5 61. f7 Rc8 62. Rf6 a5 63. Re6 Rf8 64. Kg7 Rxf7+ 65. Kxf7 a4 66. Rb6+ Ka2 67. Ke6 a3 68. Kd5 Ka1 69. Kc4 a2 70. Kb3 Kb1 71. Rh6 a1=N+ 72. Kc3 Ka2 73. Ra6+ Kb1 74. Rh6 Ka2 75. Rh2+ Ka3 76. Rh1 Nb3 77. Rh4 Nc5 78. Rh5 Na4+ 79. Kc2 Kb4 80. Rh4+ Kb5 81. Kb3 Nc5+ 82. Kc3 Na4+ 83. Kb3 Nc5+ 84. Ka3 Kc6 85. Rd4 1-0

[Event "January 2 Early 2024"]
[Site "https://www.chess.com"]
[Date "2024.01.02"]
[Round "5"]
[White "Kopczynski, Michal"]
[Black "Adelman, Charles"]
[Result "0-1"]
[Board "129"]
[TimeControl "180+1"]
[WhiteFideId "1124200"]
[BlackFideId "2003597"]
[WhiteElo "2515"]
[BlackElo "2200"]
[WhiteTeam "POL"]
[BlackTeam "USA"]
[WhiteClock "0:00:00"]
[BlackClock "0:00:49"]

1. e4 Nf6 2. Nc3 d6 3. d4 Nbd7 4. Bg5 e5 5. dxe5 dxe5 6. Qd2 Be7 7. O-O-O c6 8. f3 Qc7 9. g4 b5 10. h4 a5 11. Be3 O-O 12. Nce2 Nc5 13. Ng3 Rd8 14. Qf2 Rxd1+ 15. Kxd1 Ne6 16. Nf5 Nf4 17. Nxe7+ Qxe7 18. Bxf4 exf4 19. Nh3 Qe5 20. Kc1 Be6 21. Kb1 Rd8 22. Bd3 c5 23. Bxb5 Rb8 24. a4 Bc4 25. Rd1 g6 26. c3 Bxb5 27. axb5 Rxb5 28. Qd2 Kg7 29. Nxf4 a4 30. h5 a3 31. h6+ Kf8 32. Nd3 Qb8 33. c4 Rb3 34. Qf4 Rxb2+ 35. Ka1 Qb3 36. Qd6+ Ke8 37. Qe5+ Kf8 38. Qd6+ Ke8 39. Qe5+ Kf8 40. Qxc5+ Ke8 41. Qb5+ Qxb5 42. cxb5 Rxb5 43. Ka2 Ng8 44. Kxa3 Nxh6 45. Ka4 Rb8 46. Nf4 Ke7 47. Nd5+ Ke6 48. Rc1 Ke5 49. Rc7 Kd4 50. Nf6 Ke3 51. Nxh7 Kxf3 52. g5 Ng4 53. Rxf7+ Kxe4 54. Rg7 Ne5 55. Nf6+ Kf5 56. Nd5 Kxg5 57. Re7 Kf5 58. Nc7 g5 59. Ka5 g4 60. Nd5 g3 61. Ne3+ Kf4 62. Ng2+ Kf3 63. Nh4+ Kg4 64. Ng2 Nf3 65. Ne3+ Kh3 66. Rh7+ Nh4 0-1